 Dungeon Crawl Stone Soup version 0.19-a0-1498-g0b85ae9 (console) character file.

111 flowsnake the Slasher (level 4, -13/54 HPs)
             Began as a Draconian Skald on Sept 10, 2016.
             Killed by divine providence
             ... invoked by an orc priest
              (14 damage)
             ... on level 3 of the Dungeon.
             The game lasted 00:06:09 (2614 turns).

flowsnake the Slasher (Draconian Skald)             Turns: 2614, Time: 00:06:10

Health: -13/54     AC: 22    Str: 14    XL:     4   Next: 62%
Magic:  6/7        EV:  2    Int: 14    God:
Gold:   142        SH:  0    Dex: 12    Spells: 3 memorised, 2 levels left

rFire  . . .     SeeInvis .     a - +0 falchion
rCold  . . .     Gourm    .     (armour unavailable)
rNeg   + + +     Faith    .     (no shield)
rPois  +         Spirit   .     (helmet currently unavailable)
rElec  .         Dismiss  .     (cloak currently unavailable)
rCorr  .         Reflect  .     (gloves currently unavailable)
MR     .....     Harm     .     (boots currently unavailable)
Stlth  +......... NoTele   +    (no amulet)
                                h - +3 ring of evasion
                                j - +2 ring of dexterity

@: tree-form
A: unfitting armour, (cold-blooded), AC +5
a: no special abilities


You were on level 3 of the Dungeon.
You were not hungry.
You were a tree.
You visited 1 branch of the dungeon, and saw 3 of its levels.

You collected 142 gold pieces.

Inventory:

Hand Weapons
 a - a +0 falchion (weapon)
Jewellery
 h - a +3 ring of evasion (right branch)
 j - a +2 ring of dexterity (left branch)
Scrolls
 e - 2 scrolls of enchant armour
Potions
 g - a potion of cancellation
 i - a potion of cure mutation
 k - a potion of might {unknown}
 l - a potion of ambrosia {unknown}
Books
 b - a book of Battle

   Spells                             Type                      Level
   a - Infusion                       Charms                       1
   b - Shroud of Golubria             Charms/Translocation         2
   c - Song of Slaying                Charms                       2
   d - Spectral Weapon                Hexes/Charms                 3
   e - Regeneration                   Charms/Necromancy            3
Comestibles
 c - 3 bread rations
 f - a meat ration
 m - 2 chunks of flesh


   Skills:
 - Level 2.1 Fighting
 + Level 4.5 Long Blades
 - Level 1.3 Dodging
 - Level 2.0 Spellcasting
 - Level 2.6 Charms
 + Level 1.5 Translocations


You had 2 spell levels left.
You knew the following spells:

 Your Spells              Type           Power        Failure   Level  Hunger
a - Infusion              Chrm           #...         10%         1    ##.....
b - Song of Slaying       Chrm           #.......     14%         2    ###....
c - Shroud of Golubria    Chrm/Tloc      #.........   17%         2    ###....


Dungeon Overview and Level Annotations

Branches:
Dungeon (3/15)

Altars:


Innate Abilities, Weirdness & Mutations

((Your plain brown scales are hard. (AC +5)))
Your body does not fit into most forms of armour.
((You are cold-blooded and may be slowed by cold attacks.))


Message History

* * * LOW HITPOINT WARNING * * *
It was a potion of lignification.
You turn into a tree.
Your roots penetrate the ground.
The orc priest mumbles some strange prayers to Beogh against you.
Beogh smites you!
* * * LOW HITPOINT WARNING * * *
Something hits you but does no damage.
You hit the orc priest.
The orc priest is lightly wounded.
The orc priest hits you but does no damage.
Something hits you but does no damage.
You closely miss the orc priest.
The orc priest is lightly wounded.
The orc priest hits you but does no damage.
You hear some strange, mumbled words.
You barely miss the orc priest.
The orc priest is lightly wounded.
Something hits you but does no damage.
The orc priest mumbles some strange prayers to Beogh against you.
Beogh smites you!
You die...

············█·█████████·█ ████·███████████
············█·········█·█ █············█
························███············█
············██···········██············█
············██···········██············█
············██···········██············█
███████···········=······██············█ ·····
█·····)············██············█
·o···█████████
█················)·██············█
··o··········█
█····················█········████
·············█ █····(···············█········█
·············█████····················█········█
······································█········█
█··········o········)··············██········█
█···················█♣··············█········█
█··%····%··········o█{o···········█·█········█
███···█·············█·······███████··
█···█·············█·······█
█···█····)·······)))······█
█···█···················███
█···██████████████··((··█ █···█


████████ ···· You could see an orc priest.

Vanquished Creatures
  3 gnolls (D:2)
  A howler monkey skeleton (D:3)
  An ooze (D:2)
  A worm (D:3)
  3 orcs (D:3)
  4 bats
  4 giant cockroaches
  5 goblins
  11 hobgoblins
  8 jackals (D:1)
  6 kobolds
  A quokka (D:2)
  A giant newt (D:2)
  9 rats
58 creatures vanquished.

Vanquished Creatures (others)
  7 toadstools (D:1)
7 creatures vanquished.

Grand Total: 65 creatures vanquished

Notes
Turn   | Place    | Note
-------+----------+-------------------------------------------
     0 | D:1      | flowsnake the Draconian Skald began the quest for the Orb.
     0 | D:1      | Reached XP level 1. HP: 17/17 MP: 3/3
   304 | D:1      | Reached XP level 2. HP: 23/24 MP: 5/5
   315 | D:1      | Reached skill level 3 in Long Blades
   320 | D:1      | Learned a level 2 spell: Song of Slaying
   938 | D:1      | Reached XP level 3. HP: 29/29 MP: 6/6
   942 | D:1      | Learned a level 2 spell: Shroud of Golubria
  1024 | D:2      | Reached skill level 4 in Long Blades
  1745 | D:2      | Reached XP level 4. HP: 36/36 MP: 7/7
  2163 | D:3      | Reached skill level 1 in Translocations
  2611 | D:3      | HP: 1/54 [orc priest/divine providence (9)]
  2614 | D:3      | Killed from afar by an orc priest

Vault maps used:
D:1:      nagdon_arrival_double_spiral
D:2:      first_bread, kennysheep_generic_room_4
D:3:      xom_teletrap_fun, uniq_iyjb

Skill      XL: |  1  2  3  4 |
---------------+-------------+-----
Long Blades    | 3 4 |  4.5
Translocations | 1 |  1.5
Fighting       | |  2.1
Dodging        | |  1.3
Spellcasting   | |  2.0
Charms         | |  2.6

Action                   |  1- 3 |  4- 6 || total
-------------------------+-------+-------++-------
Melee: Falchion          |   132 |   104 ||   236
       Tailslap          |    13 |    18 ||    31
 Cast: Song of Slaying   |     1 |     1 ||     2
  Use: Scroll            |     7 |     3 ||    10
       Potion            |       |     1 ||     1
  Eat: Chunk             |     2 |     4 ||     6
Armor: Skin              |    33 |    23 ||    56
Dodge: Dodged            |    78 |    57 ||   135
